 Dungeon Crawl Stone Soup version 0.23.1-37-gaa34b87 (webtiles) character file.

Game seed: 16610128076430249286

777 vishdafish the Chopper (level 7, -5/46 HPs)
             Began as a Demonspawn Fighter on Mar 23, 2019.
             Was a Believer of Hepliaklqana.
             Slain by a killer bee (6 damage)
             ... on level 8 of the Dungeon.
             The game lasted 00:03:35 (2889 turns).

vishdafish the Chopper (Demonspawn Fighter)         Turns: 2889, Time: 00:03:35

Health: -5/46      AC:  7    Str: 17    XL:     7   Next: 54%
Magic:  7/7        EV: 11    Int: 11    God:    Hepliaklqana [**....]
Gold:   118        SH:  9    Dex: 12    Spells: 6/6 levels left

rFire    + . .     SeeInvis .   l - +0 hand axe (elec)
rCold    . . .     Gourm    .   c - +0 shield
rNeg     . . .     Faith    .   b - +0 scale mail
rPois    .         Spirit   .   (no helmet)
rElec    .         Reflect  .   F - scarf {cloud immunity}
rCorr    .         Harm     .   (no gloves)
MR       .....                  (no boots)
Stlth    +.........             (no amulet)
HPRegen  0.15/turn              E - +4 ring of evasion
MPRegen  0.10/turn              (no ring)

@: lethally poisoned (-5 -> -8)
A: reduced essence, hooves 1, fire resistance 1, nightstalker 1, flame cloud
immunity
a: Recall Ancestor, Ancestor Identity, Renounce Religion


You were on level 8 of the Dungeon.
You worshipped Hepliaklqana.
Hepliaklqana was pleased with you.
You were not hungry.

You visited 1 branch of the dungeon, and saw 6 of its levels.

You collected 118 gold pieces.

Inventory:

Hand Weapons
 a - a +0 war axe
 l - a +0 hand axe of electrocution (weapon)
Armour
 b - a +0 scale mail (worn)
 c - a +0 shield (worn)
 A - a +0 cloak
 F - a scarf of cloud immunity (worn)
Jewellery
 E - a +4 ring of evasion (left hand)
 G - an uncursed amulet of faith {unknown}
Wands
 q - a wand of polymorph (9)
 u - a wand of flame (15)
Scrolls
 e - 3 scrolls of teleportation {unknown}
 g - 5 scrolls of identify {unknown}
 i - 5 scrolls of magic mapping {unknown}
 m - a scroll of enchant armour {unknown}
 n - a scroll of blinking {unknown}
 s - a scroll of fog {unknown}
 y - a scroll of noise {unknown}
 C - a scroll of immolation {unknown}
 D - a scroll of random uselessness {unknown}
Potions
 d - a potion of might
 h - a potion of berserk rage {unknown}
 j - a potion of mutation {unknown}
 k - a potion of resistance {unknown}
 o - a potion of brilliance {unknown}
 p - 3 potions of invisibility
 r - 2 potions of flight {unknown}
 t - 2 potions of curing {unknown}
 v - a potion of heal wounds {unknown}
 w - a potion of lignification {unknown}
 x - a potion of ambrosia {unknown}
 z - a potion of cancellation {unknown}
 B - a potion of agility {unknown}
Comestibles
 f - 5 rations


   Skills:
 - Level 3.0 Fighting
 * Level 5.7 Axes
 + Level 4.6 Armour
 + Level 4.6 Shields


You had 6 spell levels left.
You didn't know any spells.
Your spell library was empty.

Dungeon Overview and Level Annotations

Branches:
Dungeon (5/15)
 Temple: D:4-7

Altars:
Hepliaklqana
Vehumet
Xom


Innate Abilities, Weirdness & Mutations

You have large cloven feet.
Your flesh is heat resistant. (rF+)
You are slightly more attuned to the shadows.
You are immune to clouds of flame.
Your life essence is reduced to manifest your ancestor. (-10% HP)


Message History

Khabaw drains the killer bee.
The killer bee dies!
The killer bee stings you.
* * * LOW HITPOINT WARNING * * *
You closely miss the killer bee.
The killer bee is severely wounded.
* * * LOW HITPOINT WARNING * * *
You feel sick. The killer bee barely misses you.
Khabaw casts a spell at the killer bee.
The killer bee resists with significant effort.
The killer bee misses Khabaw.
You miss the killer bee. You kick the killer bee.
The killer bee is almost dead.
The killer bee misses you.
Khabaw completely misses the killer bee.
You block the killer bee's attack.
Khabaw misses the killer bee.
You miss the killer bee. Your kick misses the killer bee.
The killer bee is almost dead.
The killer bee stings you.
You die...

##.............#####
.######.######## .# #.#
#.......... .######.#
#.#........
......#.#####.#.....[..
...........##..........
...........##..........
...........##..........
...........##...@†....>
......#.#####...Ry.....
......#.# #..........
......#.#####.#########
#.....).....#..÷...#
#...........######.#####.
#...........### #........
####.#.#.....# #........
#...#.....# #........


You could see the friendly Khabaw the hexer and a killer bee.

Vanquished Creatures
  A centaur (D:3)
  A scorpion (D:4)
  A killer bee (D:8)
  A howler monkey (D:4)
  A hound (D:4)
  An orc priest (D:3)
  A jelly (D:8)
  An orc wizard (D:3)
  Terence (D:2)
  3 worker ants
  3 adders
  2 oozes
  2 worms
  2 dart slugs
  7 leopard geckos
  3 orcs (D:3)
  3 bats
  A giant cockroach (D:2)
  5 goblins
  14 hobgoblins
  6 jackals
  A quokka (D:8)
  3 frilled lizards
  A jackal skeleton (D:4)
  10 kobolds
  A quokka skeleton (D:4)
  6 rats
82 creatures vanquished.

Vanquished Creatures (collateral kills)
  A scorpion (D:4)
  3 killer bees (D:8)
  A killer bee zombie (D:5)
  2 hound zombies
  An orc (D:4)
8 creatures vanquished.

Grand Total: 90 creatures vanquished

Notes
Turn   | Place    | Note
-------+----------+-------------------------------------------
     0 | D:1      | vishdafish the Demonspawn Fighter began the quest for the
                  | Orb.
     0 | D:1      | Reached XP level 1. HP: 18/18 MP: 1/1
     6 | D:1      | Found a shimmering altar of Xom.
    54 | D:1      | Reached skill level 2 in Axes
    89 | D:1      | Gained mutation: You have large cloven feet. [demonic
                  | ancestry]
    89 | D:1      | Reached XP level 2. HP: 12/24 MP: 2/2
   567 | D:1      | Gained mutation: Your flesh is heat resistant. (rF+)
                  | [demonic ancestry]
   567 | D:1      | Reached XP level 3. HP: 28/29 MP: 3/3
   875 | D:2      | Found a radiant altar of Vehumet.
  1441 | D:2      | Noticed Terence
  1450 | D:2      | Killed Terence
  1450 | D:2      | Reached skill level 3 in Axes
  1450 | D:2      | Reached XP level 4. HP: 27/35 MP: 4/4
  1547 | D:3      | Noticed a centaur
  1557 | D:3      | Killed a centaur
  1557 | D:3      | Gained mutation: You are immune to clouds of flame.
                  | [demonic ancestry]
  1557 | D:3      | Reached XP level 5. HP: 24/41 MP: 5/5
  1589 | D:3      | Reached skill level 4 in Axes
  1686 | D:3      | Reached XP level 6. HP: 39/47 MP: 6/6
  1757 | D:3      | Found a faded altar of an unknown god.
  1829 | D:3      | Became a worshipper of Hepliaklqana the Forgotten
  1829 | D:3      | Reached * piety under Hepliaklqana
  2336 | D:4      | Reached skill level 5 in Axes
  2699 | D:5      | Entered Level 5 of the Dungeon
  2736 | D:5      | Gained mutation: You are slightly more attuned to the
                  | shadows. [demonic ancestry]
  2736 | D:5      | Reached XP level 7. HP: 44/46 MP: 7/7
  2785 | D:5      | You fall through a shaft for 3 floors!
  2812 | D:8      | Reached ** piety under Hepliaklqana
  2842 | D:8      | Remembered your ancestor Khabaw as a hexer
  2886 | D:8      | HP: 2/46 [killer bee (6)]
  2889 | D:8      | Slain by a killer bee

Skill      XL: |  1  2  3  4  5  6 |
---------------+-------------------+-----
Axes           | 2 3 4 5 |  5.7
Armour         | 3 4 |  4.6
Shields        | 3 4 |  4.6
Fighting       | |  3.0

Action                   |  1- 3 |  4- 6 |  7- 9 || total
-------------------------+-------+-------+-------++-------
Melee: War axe           |    89 |       |       ||    89
       Kick              |    16 |    20 |     6 ||    42
       Hand axe          |    21 |   112 |    24 ||   157
Invok: Ancestor Identity |       |     1 |       ||     1
       Recall Ancestor   |       |       |     1 ||     1
       Ancestor Life: He |       |       |     1 ||     1
 Stab: Distracted        |       |       |     1 ||     1
  Eat: Chunk             |     1 |     4 |     2 ||     7
Armor: Scale mail        |    36 |    40 |    14 ||    90
Dodge: Dodged            |    33 |    30 |    21 ||    84
Block: Shield            |    51 |    54 |    22 ||   127
